 Dungeon Crawl Stone Soup version 0.19.0-17-g07987d3 (webtiles) character file.

1027 Gravenous the Basher (level 8, -1/83 HPs)
             Began as an Ogre Arcane Marksman on Nov 10, 2016.
             Slain by Pikel
             ... wielding a +2 whip of freezing
              (2 damage)
             ... on level 6 of the Dungeon.
             The game lasted 00:09:01 (6470 turns).

Gravenous the Basher (Ogre Arcane Marksman)         Turns: 6470, Time: 00:09:01

Health: -1/83      AC:  4    Str: 19    XL:     8   Next: 23%
Magic:  9/9        EV: 11    Int: 12    God:
Gold:   267        SH:  0    Dex:  9    Spells: 1 memorised, 8 levels left

rFire  + . .     SeeInvis .     l - +2 falchion (elec)
rCold  + . .     Gourm    .     a - +1 robe
rNeg   . . .     Faith    .     (no shield)
rPois  +         Spirit   .     (helmet restricted)
rElec  +         Reflect  .     (no cloak)
rCorr  +         Harm     .     (gloves unavailable)
MR     .....                    (boots unavailable)
Stlth  +.........               s - amulet of magic regeneration
                                (no ring)
                                (no ring)

@: resistant
A: unfitting armour, tough skin 1
a: no special abilities


You were on level 6 of the Dungeon.
You were hungry.

You visited 1 branch of the dungeon, and saw 6 of its levels.
You also visited: Ossuary.

You collected 267 gold pieces.

Inventory:

Hand Weapons
 l - a +2 falchion of electrocution (weapon)
 p - a +1 flail of protection
Missiles
 c - 4 large rocks (quivered)
 d - 2 throwing nets
Armour
 a - a +1 robe (worn)
Jewellery
 s - an amulet of magic regeneration (around neck)
Scrolls
 i - a scroll of enchant weapon
 q - 3 scrolls of amnesia
 v - a scroll of identify
Potions
 e - a potion of magic
 j - 3 potions of cure mutation
 m - 2 potions of degeneration
 n - a potion of curing
 t - a potion of mutation
Books
 b - a book of Debilitation

   Spells                             Type                      Level
   a - Corona                         Hexes                        1
   b - Slow                           Hexes                        2
   c - Gell's Gravitas                Hexes/Translocation          3
   d - Inner Flame                    Hexes/Fire                   3
   e - Cause Fear                     Hexes                        4
   f - Leda's Liquefaction            Hexes/Earth                  4
 k - a book of Geomancy

   Spells                             Type                      Level
   a - Sandblast                      Earth                        1
   b - Passwall                       Transmutation/Earth          2
   c - Stone Arrow                    Conjuration/Earth            3
   d - Petrify                        Transmutation/Earth          4
   e - Lee's Rapid Deconstruction     Earth                        5
Comestibles
 f - 5 bread rations
 g - a slice of pizza
 o - 3 meat rations
 u - a beef jerky


   Skills:
 + Level 6.1 Fighting
 * Level 8.2 Maces & Flails
 - Level 2.0 Throwing
 + Level 4.7 Dodging
 - Level 1.2 Spellcasting
 - Level 2.1 Hexes


You had 8 spell levels left.
You knew the following spells:

 Your Spells              Type           Power        Failure   Level  Hunger
a - Corona                Hex            #......      14%         1    ##.....


Dungeon Overview and Level Annotations

Branches:
Dungeon (6/15)
 Temple: D:4-7

Altars:
Elyvilon
Fedhas
Gozag
Hepliaklqana
Qazlal
The Shining One

Annotations:
D:4 Robin
D:6 Pikel


Innate Abilities, Weirdness & Mutations

You are too large for most types of armour.
You have tough skin. (AC +1)


Message History

You hit Pikel but do no damage.
Pikel is severely wounded.
Pikel hits you with a whip of freezing! Pikel freezes you.
Pikel hits you with a whip of freezing!
* * * LOW HITPOINT WARNING * * *
You barely miss Pikel.
Pikel is severely wounded.
Pikel misses you.
You closely miss Pikel.
Pikel is severely wounded.
Pikel hits you with a whip of freezing!
* * * LOW HITPOINT WARNING * * *
Pikel freezes you.
* * * LOW HITPOINT WARNING * * *
You barely miss Pikel.
Pikel is severely wounded.
Pikel hits you with a whip of freezing!
* * * LOW HITPOINT WARNING * * *
Pikel freezes you.
You die...

####+############+#.
..##................
...#................
...#................
.###.....).........
.######'##.....########.
..#..#...#.....#........
..'..+...#..............
###..##..#......@##+###
###'###'#########Kp..# #. ..
#..........# #pp..# #....
#..........# #p...# +....
########..#######....########....
######.....##..........##+
#...#...#.......>..#..
#...#...#..........#..
#...+..............'..


You could see Pikel and 4 slaves.

Vanquished Creatures
  An ice beast (D:5)
  2 ogres
  A scorpion (D:4)
  A howler monkey (D:5)
  A centaur zombie (Ossuary)
  3 hounds
  An orc priest (D:3)
  3 mummies (Ossuary)
  2 iguanas
  4 worker ants
  7 gnolls
  A howler monkey skeleton (D:5)
  10 adders
  2 shadow imps (D:5)
  4 adder skeletons
  3 worms
  2 dart slugs
  4 leopard geckos
  8 orcs
  A ball python (D:1)
  6 bats
  7 giant cockroaches
  12 goblins
  10 hobgoblins
  16 jackals
  5 kobolds
  A quokka (D:3)
  9 frilled lizards
  9 rats
136 creatures vanquished.

Vanquished Creatures (others)
  A withered plant (Ossuary)
1 creature vanquished.

Grand Total: 137 creatures vanquished

Notes
Turn   | Place    | Note
-------+----------+-------------------------------------------
     0 | D:1      | Gravenous the Ogre Arcane Marksman began the quest for the Orb.
     0 | D:1      | Reached XP level 1. HP: 19/19 MP: 2/2
   534 | D:1      | Reached XP level 2. HP: 16/28 MP: 3/3
  1349 | D:1      | Reached skill level 1 in Maces & Flails
  1507 | D:1      | Reached XP level 3. HP: 27/36 MP: 4/4
  2104 | D:2      | Reached skill level 2 in Maces & Flails
  2566 | D:2      | Reached XP level 4. HP: 28/44 MP: 5/5
  2835 | D:2      | Found a hazy altar of Hepliaklqana.
  3144 | D:3      | Reached skill level 3 in Maces & Flails
  3423 | D:3      | Reached XP level 5. HP: 47/53 MP: 6/6
  3551 | D:3      | Found a white marble altar of Elyvilon.
  3674 | D:3      | Reached skill level 4 in Maces & Flails
  3967 | D:3      | Found a blossoming altar of Fedhas.
  4301 | D:4      | Reached XP level 6. HP: 54/62 MP: 7/7
  4331 | D:4      | Noticed Robin
  4370 | D:4      | Reached skill level 5 in Maces & Flails
  4504 | D:4      | Found a sand-covered staircase.
  4547 | Ossuary  | Entered an ossuary
  4622 | Ossuary  | Reached skill level 6 in Maces & Flails
  4622 | Ossuary  | Reached XP level 7. HP: 71/71 MP: 8/8
  4624 | Ossuary  | Noticed Zebulonius's ghost (novice MiBe)
  4946 | D:4      | Found a stormy altar of Qazlal.
  4951 | D:4      | Reached skill level 5 in Fighting
  5134 | D:5      | Entered Level 5 of the Dungeon
  5236 | D:5      | Found an opulent altar of Gozag.
  5471 | D:5      | Reached skill level 7 in Maces & Flails
  5794 | D:5      | Reached XP level 8. HP: 82/83 MP: 9/9
  6112 | D:5      | Reached skill level 8 in Maces & Flails
  6380 | D:6      | Found a glowing golden altar of the Shining One.
  6432 | D:6      | Noticed Pikel
  6470 | D:6      | HP: 1/83 [Pikel/whip of freezing (10)]
  6470 | D:6      | Slain by Pikel

Skill      XL: |  1  2  3  4  5  6  7  8 |
---------------+-------------------------+-----
Dodging        | 2 3 4 |  4.7
Fighting       | 2 3 4 5 6 |  6.1
Maces & Flails | 1 2 3 4 6 7 8 |  8.2
Throwing       | |  2.0
Spellcasting   | |  1.2
Hexes          | |  2.1

Action                   |  1- 3 |  4- 6 |  7- 9 || total
-------------------------+-------+-------+-------++-------
Melee: Unarmed           |    59 |       |       ||    59
       Whip              |   118 |       |       ||   118
       Falchion          |     6 |   158 |   137 ||   301
Throw: Large rock        |     8 |     2 |     2 ||    12
 Cast: Corona            |     6 |       |       ||     6
  Use: Scroll            |       |    12 |     4 ||    16
       Potion            |       |       |     3 ||     3
 Stab: Sleeping          |     1 |       |       ||     1
  Eat: Chunk             |     5 |     7 |     6 ||    18
Armor: Robe              |    86 |    49 |    24 ||   159
Dodge: Dodged            |   155 |    98 |    78 ||   331
       Rpst.: Falchion   |       |    21 |    18 ||    39
